Map: Abyssal Reef LE

Players

McMonroe

  • Race: Zerg Zerg
  • Spawn Location: 5:00

Optimus - Winner!

  • Race: Terran Terran
  • Spawn Location: 11:00

Event: WCS Austin 2017

VOD

Have the link to the VOD?

Description

Time

  • Played on: April 28, 2017, 5:54 p.m.
  • Length: 12:21

All games in this series

Show
View Real Time Build Order
Export as new Build Order

McMonroe Zerg 

Build Orders: Hatch First, Muta Ling Bane 

Get SALT Encoding   

  12  0:00  Drone  
  13  0:12  Overlord  
  13  0:17  Drone  
  14  0:31  Drone x2  
  14  0:34  Drone  
  17  0:52  Hatchery  
  17  0:54  Drone  
  17  0:57  Drone  
  18  1:08  Extractor  
  17  1:12  Spawning Pool  
  17  1:15  Drone  
  17  1:18  Drone  
  18  1:29  Drone  
  19  1:38  Overlord  
  19  1:59  Queen  
  19  2:00  Zergling x4  
  23  2:04  Drone, Queen  
  26  2:08  Metabolic Boost  
  26  2:12  Drone  
  27  2:15  Drone  
  27  2:22  Drone  
  29  2:25  Drone  
  30  2:32  Drone  
  31  2:39  Hatchery  
  31  2:44  Zergling x4  
  31  2:46  Overlord  
  32  2:53  Queen  
  33  3:14  Drone x8  
  33  3:19  Overlord  
  41  3:22  Drone  
  42  3:30  Zergling x4  
  44  3:37  Queen  
  45  3:41  Zergling x4  
  47  3:49  Queen  
  47  3:53  Queen, Zergling x4  
  47  3:55  Drone x2  
  55  3:59  Drone x2  
  56  4:07  Drone x4  
  56  4:09  Overlord  
  57  4:17  Evolution Chamber  
  57  4:18  Evolution Chamber  
  57  4:21  Queen  
  57  4:23  Overlord  
  57  4:28  Overlord  
  56  4:40  Drone x2  
  58  4:53  Zerg Ground Armor Level 1, Zerg Melee Weapons Level 1  
  58  4:57  Queen x2  
  62  5:02  Zergling x20  
  62  5:05  Overlord  
  72  5:10  Overlord  
  72  5:15  Lair  
  72  5:16  Drone x2  
  72  5:18  Overlord  
  72  5:33  Zergling x20  
  79  5:37  Extractor  
  79  5:38  Extractor  
  79  5:39  Baneling Nest  
  79  5:42  Overlord x2  
  76  5:44  Drone  
  76  5:46  Drone x2  
  79  5:56  Drone x5  
  80  6:04  Drone x3  
  80  6:09  Drone x4  
  86  6:12  Overlord  
  86  6:15  Drone x4  
  90  6:21  Overlord  
  90  6:24  Centrifical Hooks  
  90  6:27  Extractor  
  90  6:30  Drone x3  
  90  6:39  Drone x2  
  92  6:43  Drone x4, Hatchery, Extractor  
  92  6:44  Extractor  
  93  6:51  Zergling x4  
  95  6:58  Zergling x14  
  102  7:04  Zerg Melee Weapons Level 2  
  102  7:14  Zergling x10  
  92  7:25  Drone x3  
  95  7:30  Zergling x12  
  95  7:35  Baneling  
  95  7:36  Zergling x4, Baneling x7  
  103  7:39  Overseer  
  103  7:41  Hatchery  
  102  7:46  Zergling x6  
  105  7:55  Zergling x6  
  108  8:00  Zerg Ground Armor Level 2  
  108  8:01  Zergling x20  
  108  8:03  Spire  
  108  8:05  Baneling x8  
  117  8:09  Zergling x4  
  119  8:14  Drone x2  
  119  8:17  Drone  
  122  8:21  Drone x2  
  122  8:24  Drone  
  122  8:25  Drone x3  
  127  8:27  Drone  
  127  8:28  Overlord  
  127  8:29  Overlord x5  
  127  8:33  Extractor  
  123  8:36  Zergling x4, Baneling x8  
  123  8:37  Zergling x2  
  126  8:45  Zergling x4  
  128  8:49  Overlord x3  
  128  8:57  Zergling x18  
  137  9:04  Baneling x14  
  137  9:05  Zergling x2, Baneling x10  
  137  9:06  Zergling x6  
  138  9:21  Mutalisk x6  
  138  9:24  Zergling x14  
  140  9:31  Zergling x16  
  146  9:44  Zergling x14  
  150  9:50  Zerg Flyer Weapons Level 1  
  150  9:54  Zergling x10  
  150  9:55  Zergling x2  
  156  10:01  Overseer  
  156  10:03  Baneling x10  
  156  10:04  Zergling x10  
  141  10:18  Mutalisk x6  
  141  10:20  Zergling x14  
  134  10:38  Mutalisk x3  
  125  10:45  Zergling x20  
  134  10:52  Zergling x2  
  134  10:53  Zergling x4  
  134  10:55  Baneling x14  
  134  10:56  Zergling x2  
  134  10:57  Zergling x2  
  139  11:02  Zergling x4  
  139  11:03  Zergling x2  
  142  11:06  Zergling x2  
  142  11:10  Hatchery  
  142  11:17  Baneling x7  
  116  11:28  Zergling x26  
  116  11:29  Zergling x8  
  119  11:36  Zergling x8  
  110  11:42  Zergling x6  
  110  11:46  Zergling x4  
  114  11:49  Baneling x2  
  114  11:51  Baneling x6  
  114  11:53  Zergling x16  
  121  11:57  Zergling x8, Baneling  
  121  11:58  Baneling x5  
Show
View Real Time Build Order
Export as new Build Order

Optimus Terran - Winner!

Build Orders: Bio Mine 

Get SALT Encoding   

  12  0:00  SCV  
  13  0:12  SCV  
  14  0:17  Supply Depot  
  14  0:25  SCV  
  15  0:39  SCV  
  15  0:41  Barracks  
  16  0:44  Refinery  
  16  0:51  SCV  
  17  1:03  SCV  
  18  1:15  SCV  
  19  1:27  Orbital Command  
  19  1:28  Barracks Reactor  
  19  1:42  Command Center  
  19  1:49  Supply Depot  
  19  1:53  SCV  
  20  1:59  Refinery  
  20  2:04  Reaper x2  
  22  2:09  SCV  
  23  2:17  Barracks  
  23  2:22  SCV  
  24  2:34  SCV  
  24  2:36  Reaper  
  24  2:37  Reaper  
  27  2:46  SCV  
  27  2:50  Factory  
  28  2:54  Orbital Command  
  28  2:58  SCV  
  29  3:06  Barracks Tech Lab  
  29  3:10  SCV  
  29  3:11  Marine  
  29  3:12  Marine  
  32  3:20  SCV  
  32  3:22  SCV  
  32  3:25  Supply Depot  
  32  3:26  Stimpack  
  34  3:31  Marine x2  
  34  3:32  Marine, SCV  
  38  3:42  Factory Reactor, SCV  
  38  3:48  Starport  
  39  3:49  Marine x2, SCV  
  39  3:54  Supply Depot  
  42  3:55  Marine  
  42  3:56  SCV  
  42  4:02  SCV  
  45  4:07  Marine x2  
  45  4:09  SCV  
  48  4:13  Marine  
  48  4:14  SCV  
  48  4:15  Supply Depot  
  50  4:20  Supply Depot  
  50  4:25  Marine x2, SCV  
  50  4:26  SCV  
  54  4:32  Medivac x2  
  54  4:38  Marine, SCV  
  58  4:41  SCV  
  58  4:42  Marine  
  61  4:47  Marine  
  61  4:50  SCV  
  63  4:56  Marine  
  63  4:59  Supply Depot, Command Center, SCV  
  65  5:02  SCV  
  66  5:09  Engineering Bay x2  
  66  5:11  Marine, SCV  
  66  5:12  Marine  
  69  5:14  Marine  
  69  5:16  SCV  
  71  5:23  Factory Reactor, SCV  
  71  5:26  Barracks  
  71  5:27  Refinery, Combat Shields  
  71  5:35  Marine x3  
  69  5:39  Barracks  
  69  5:41  Barracks  
  70  5:44  Terran Infantry Armor Level 1, Terran Infantry Weapons Level 1  
  70  5:48  SCV x2  
  72  5:52  Marine  
  69  5:57  Marine x2  
  69  6:00  SCV x2  
  69  6:02  Refinery  
  69  6:03  Supply Depot  
  70  6:07  Medivac x2  
  74  6:12  SCV  
  74  6:13  Orbital Command  
  74  6:16  Marine x3  
  78  6:19  Factory Reactor  
  78  6:20  Marine  
  78  6:21  Marine  
  78  6:22  SCV  
  81  6:25  SCV  
  81  6:31  Orbital Command  
  81  6:32  Barracks Reactor x2  
  82  6:34  SCV  
  82  6:38  SCV  
  84  6:43  Medivac x2, Marine  
  84  6:44  Marine x3  
  92  6:50  Marine  
  92  6:52  SCV x2, Armory  
  95  6:58  Widow Mine  
  95  6:59  Widow Mine  
  95  7:01  SCV  
  100  7:04  SCV  
  101  7:11  Bunker  
  101  7:14  Marine x2  
  97  7:16  Medivac x2  
  97  7:18  Marine  
  97  7:20  Marine  
  97  7:21  SCV  
  91  7:23  Marine  
  91  7:24  Marine x4  
  91  7:26  SCV x2  
  97  7:31  Supply Depot  
  97  7:32  Marine  
  97  7:33  Factory  
  97  7:34  Barracks  
  98  7:38  Barracks  
  98  7:39  Marine x3  
  98  7:41  Marine x2  
  98  7:42  SCV x2  
  105  7:49  Terran Infantry Weapons Level 2  
  105  7:50  Marine  
  105  7:51  Marine x3  
  109  7:54  Terran Infantry Armor Level 2  
  109  7:56  Widow Mine x2  
  109  7:57  Marine x2, SCV  
  116  7:59  SCV  
  116  8:03  Supply Depot  
  116  8:05  Supply Depot  
  117  8:11  Supply Depot x2  
  117  8:14  Supply Depot  
  117  8:18  Marine  
  117  8:22  Marine  
  117  8:25  Factory Tech Lab, Marine x4, SCV x3  
  117  8:26  Barracks Tech Lab  
  124  8:27  Barracks Tech Lab  
  124  8:28  Refinery  
  124  8:29  Medivac x2  
  124  8:33  Supply Depot  
  119  8:34  Widow Mine  
  119  8:35  Bunker  
  119  8:37  SCV x2  
  123  8:44  Widow Mine x2, Drilling Claws  
  123  8:46  Marauder  
  123  8:48  Marine x5  
  129  8:50  Marine  
  129  8:51  Marine  
  129  8:53  SCV x2  
  138  8:57  Marauder  
  138  9:01  Marauder  
  138  9:02  Concussive Shells  
  142  9:07  Marauder  
  142  9:09  Marine x7  
  151  9:14  SCV x2  
  151  9:15  Widow Mine  
  149  9:21  Medivac  
  136  9:24  SCV  
  136  9:30  Marauder x2  
  140  9:32  Marine x2  
  140  9:34  Widow Mine  
  138  9:40  Marauder  
  138  9:42  Widow Mine  
  138  9:44  Widow Mine  
  144  9:45  Marine  
  144  9:46  Marine  
  144  9:51  Marauder x2  
  150  9:56  Marine  
  150  9:57  Marine x2  
  150  9:58  Supply Depot  
  151  10:01  Supply Depot  
  151  10:02  Marauder  
  151  10:06  Marine x2  
  155  10:13  Marine x5  
  144  10:14  Marine x3  
  144  10:17  SCV  
  144  10:19  Widow Mine x2  
  149  10:22  Marine  
  149  10:24  Marine x2  
  148  10:30  Marine  
  148  10:31  Marine x3  
  141  10:35  Marine  
  141  10:36  Marine  
  141  10:40  Marine  
  131  10:48  SCV x2  
  131  10:49  Marine  
  138  10:50  Marauder x2, Marine x3  
  138  10:51  Widow Mine  
  138  10:54  SCV  
  138  10:55  Widow Mine  
  146  11:00  Marauder  
  146  11:01  Widow Mine  
  154  11:11  Marauder x2  
  154  11:12  Marine x2  
  154  11:13  Marine  
  157  11:25  Marine x5  
  141  11:27  Medivac x2  
  147  11:33  Marauder  
  147  11:37  Marauder x2  
  153  11:40  SCV x2  
  153  11:46  Widow Mine x2  
  158  11:59  Marauder x2, Marine  
Tags
 
Add a new tag
Caveats
  • Supply blocks, unpowered buildings, or Contaminate may cause inaccurate times.
  • Supply counts are checked every 10 seconds.